 Dungeon Crawl Stone Soup version 0.25-a0-890-g62861fb (webtiles) character file.

Game seed: 5290649231954570664, levelgen mode: deterministic

11 Kurtz the Skirmisher (level 2, -4/24 HPs)
             Began as a Mummy Chaos Knight on May 10, 2020.
             Was a Plaything of Xom.
             Slain by a salamander (shapeshifter)
             ... wielding a +0 whip
              (7 damage)
             ... on level 1 of the Dungeon.
             The game lasted 00:00:19 (350 turns).

Kurtz the Skirmisher (Mummy Chaos Knight)            Turns: 350, Time: 00:00:19

Health: -4/24      AC:  5    Str: 15    XL:     2   Next: 17%
Magic:  2/2        EV: 14    Int: 11    God:    Xom [..*...]
Gold:   4          SH:  0    Dex: 11    Spells: 1/1 levels left

rFire    x . .     SeeInvis .   a - +0 hand axe (chaos)
rCold    + . .     Gourm    .   (no shield)
rNeg     + + +     Faith    .   b - +2 leather armour
rPois    ∞         Spirit   .   (no helmet)
rElec    .         Reflect  .   (no cloak)
rCorr    .         Harm     .   (no gloves)
MR       .....                  (no boots)
Stlth    +.........             (no amulet)
HPRegen  0.08/turn              c - +3 ring of evasion
MPRegen  0.08/turn              (no ring)

@: no status effects
A: no food or potions, fire vulnerability, cold resistance 1, negative energy
resistance 3, torment resistance, unbreathing
a: Renounce Religion


You were on level 1 of the Dungeon.
You worshipped Xom.
You were a toy of Xom.
You were not hungry.

You visited 1 branch of the dungeon, and saw 1 of its levels.

You collected 4 gold pieces.

Inventory:

Hand Weapons
 a - a +0 hand axe of chaos (weapon)
Armour
 b - a +2 leather armour (worn)
Jewellery
 c - a +3 ring of evasion (left hand)
Scrolls
 d - a scroll of magic mapping {unknown}


   Skills:
 - Level 3.0 Fighting
 * Level 3.0 Axes
 - Level 1.5 Armour
 - Level 0.7 Dodging


You had one spell level left.
You didn't know any spells.
Your spell library was empty.

Dungeon Overview and Level Annotations

Branches:
Dungeon (1/15)

Altars:


Innate Abilities, Weirdness & Mutations

You do not eat or drink.
Your flesh is vulnerable to fire.
You are immune to poison.
Your flesh is cold resistant. (rC+)
You are immune to negative energy. (rN+++)
You are immune to unholy pain and torment.
You can survive without breathing.


Message History

You hit the salamander but do no damage.
The salamander picks up a +0 whip.
The salamander wields a +0 whip.
You hit the salamander. You freeze the salamander.
The salamander is lightly wounded.
You hit the giant cockroach.
The giant cockroach is poisoned.
The giant cockroach barely misses you. The salamander hits you with a +0 whip.
You are engulfed in flames!!
The fire burns you terribly!
Xom thinks this is hilarious!
Ouch! That really hurt!
* * * LOW HITPOINT WARNING * * *
A shower of butterflies erupts from you!
The giant cockroach misses you.
Unknown command.
Really walk into that cloud of seething chaos?
You are engulfed in seething chaos.
You kill the giant cockroach!
The salamander is engulfed in seething chaos.
The salamander hits you with a +0 whip!
You die...
Xom howls with laughter!

# ....# ## # ## ....##. #. .. .#
...##. . #.##.#####.#. #..##.
#.#..#.#..... .. ##..##.
#......#..#.# ...##...##. ######
#....†.b.#.# ........... #....#
#...b†N@...###..........
#....####...†g...!..######.<##.
#......########.....######..##.
#....#.......##.##.##..........
#......#####.##.#..#....%......
########.# #....#..#...##...##.
.........#########...#..####..##.
########...........###..####..##.
#.########..# #...##...##.


You could see a salamander shaped shifter and a goblin.

Vanquished Creatures
  2 ball pythons (D:1)
  A giant cockroach (D:1)
  2 goblins (D:1)
  A hobgoblin (D:1)
  3 kobolds (D:1)
  A bat (D:1)
10 creatures vanquished.

Notes
Turn   | Place    | Note
-------+----------+-------------------------------------------
     0 | D:1      | Kurtz the Mummy Chaos Knight began the quest for the Orb.
     0 | D:1      | Reached XP level 1. HP: 18/18 MP: 1/1
   290 | D:1      | XOM: cloud trail
   304 | D:1      | Reached XP level 2. HP: 24/24 MP: 2/2
   346 | D:1      | Noticed a shapeshifter
   346 | D:1      | a kobold changed into a shapeshifter
   346 | D:1      | Noticed a fire crab
   346 | D:1      | a shapeshifter changed into a fire crab
   346 | D:1      | Noticed a salamander
   346 | D:1      | a fire crab changed into a salamander
   348 | D:1      | XOM: butterfly on damage
   350 | D:1      | Slain by a salamander (shapeshifter)

Levels and vault maps discovered:
D:1:      minmay_arrival_four_loops, layout_basic

Skill      XL: |  1  2 |
---------------+-------+-----
Axes           | 3 |  3.0
Fighting       | |  3.0
Armour         | |  1.5
Dodging        | |  0.7

Action                   || total
-------------------------++-------
Melee: Hand axe          ||    23
Armor: Leather armour    ||     6
Dodge: Dodged            ||    13

Table legend:
 A = Non-vault XP
 B = Vault XP
 C = Vault XP percentage of total XP
 D = Non-vault monster count
 E = Vault monster count
 F = Vault count percentage of total count
                 A         B        C        D         E       F
            +---------+---------+-------+---------+---------+-------
      Total |      17 |       0 |   0.0 |      10 |       0 |   0.0
            +---------+---------+-------+---------+---------+-------
        D:1 |      17 |       0 |   0.0 |      10 |       0 |   0.0
            +---------+---------+-------+---------+---------+-------
